 Dungeon Crawl Stone Soup version 0.21.1-1-g345015fe64 (webtiles) character file.

464 Gargoyl the Skirmisher (level 6, -2/56 HPs)
             Began as a Centaur Abyssal Knight on May 3, 2018.
             Was a Priest of Lugonu.
             Killed by divine providence
             ... invoked by an orc priest
              (15 damage)
             ... on level 5 of the Dungeon.
             The game lasted 00:07:25 (4776 turns).

Gargoyl the Skirmisher (Centaur Abyssal Knight)     Turns: 4776, Time: 00:07:26

Health: -2/56      AC:  8    Str: 15    XL:     6   Next: 80%
Magic:  8/8        EV:  4    Int: 11    God:    Lugonu [***...]
Gold:   164        SH:  3    Dex: 10    Spells: 5/5 levels left

rFire    . . .     SeeInvis .   i - -2 hand axe (curse)
rCold    . . .     Gourm    .   f - +0 buckler
rNeg     . . .     Faith    .   j - +0 chain mail
rPois    .         Spirit   .   (no helmet)
rElec    .         Reflect  .   (no cloak)
rCorr    .         Harm     .   (no gloves)
MR       .....                  (no barding)
Stlth    ..........             (no amulet)
HPRegen  0.18/turn              (no ring)
MPRegen  0.11/turn              (no ring)

@: very quick
A: large, hooves 3, deformed body, speed 2, tough skin 3
a: Depart the Abyss, Bend Space, Banish, Renounce Religion


You were on level 5 of the Dungeon.
You worshipped Lugonu.
Lugonu was most pleased with you.
You were not hungry.

You visited 1 branch of the dungeon, and saw 5 of its levels.
You visited the Abyss 1 time.

You collected 164 gold pieces.

Inventory:

Hand Weapons
 a - a +1 hand axe
 i - a cursed -2 hand axe (weapon)
 l - a +0 war axe
Armour
 f - a +0 buckler (worn)
 j - a +0 chain mail (worn)
Wands
 d - a wand of disintegration (11)
 e - a wand of flame (36)
Scrolls
 g - 2 scrolls of identify
 k - a scroll of amnesia
 m - a scroll of magic mapping
Potions
 b - a potion of lignification
 h - a potion of curing
 n - a potion of magic {unknown}
Comestibles
 c - 3 rations


   Skills:
 + Level 5.1 Fighting
 + Level 3.2 Axes
 * Level 3.0 Armour
 + Level 1.2 Dodging
 + Level 0.1 Shields
 * Level 3.3 Invocations
 + Level 0.3 Evocations


You had 5 spell levels left.
You didn't know any spells.

Dungeon Overview and Level Annotations

Branches:
Dungeon (5/15)
 Temple: D:4-7

Altars:

Annotations:
D:4 Ivernyr's ghost, amateur DrWz


Innate Abilities, Weirdness & Mutations

You have hooves in place of feet.
Armour fits poorly on your strangely shaped body.
You cover ground very quickly.
You have extremely tough skin. (AC +3)


Message History

Reactivating autopickup.
The sky beast hits you. The sky beast shocks you. The sky beast hits you.
The sky beast shocks you.
* * * LOW HITPOINT WARNING * * *
An orc wizard comes into view. It is wielding a dagger.
Your chain mail prevents you from hitting the sky beast.
You kick the sky beast, but do no damage.
The sky beast is heavily wounded.
You hit the orc.
You kill the orc!
Lugonu accepts your kill.
The sky beast hits you but does no damage.
An orc priest comes into view. It is wielding a short sword.
The orc priest shouts!
You hit the sky beast. You kick the sky beast!
The sky beast is almost dead.
The sky beast hits you but does no damage.
The orc priest calls down the wrath of Beogh upon you.
Beogh smites you!
You die...

#. .. ## ...o
.#.## .o..# .o..#
.##########)...#
..........@Y..#
#.#####.##........
#.##.##.####
#.##.# # #.##.#
#.##.# #.##.#
###########.##.#
.....>......#


You could see a sky beast, an orc priest, an orc wizard and an orc.

Vanquished Creatures
  A raiju (Abyss:2)
  A scorpion (D:4)
  An orc wizard (D:3)
  An iguana (D:4)
  3 gnolls (D:5)
  6 adders
  3 oozes
  2 worms
  2 dart slugs
  3 leopard geckos
  3 orcs
  12 bats
  4 giant cockroaches
  7 goblins
  12 hobgoblins
  3 quokkas
  A ball python (D:3)
  8 frilled lizards
  9 kobolds
  12 rats
94 creatures vanquished.

Notes
Turn   | Place    | Note
-------+----------+-------------------------------------------
     0 | Abyss:1  | Gargoyl the Centaur Abyssal Knight began the quest for the Orb.
     0 | Abyss:1  | Reached XP level 1. HP: 19/19 MP: 2/2
     8 | Abyss:1  | Found a corrupted altar of Lugonu.
    37 | Abyss:1  | Noticed an iron imp
    45 | Abyss:1  | Noticed a wight
   150 | Abyss:2  | Noticed a raiju
   153 | Abyss:2  | Killed a raiju
   153 | Abyss:2  | Reached skill level 4 in Fighting
   153 | Abyss:2  | Reached XP level 2. HP: 28/28 MP: 3/3
   153 | Abyss:2  | Reached XP level 3. HP: 35/35 MP: 4/4
   153 | Abyss:2  | Reached XP level 4. HP: 41/41 MP: 5/5
   153 | Abyss:2  | Reached XP level 5. HP: 47/47 MP: 6/6
   162 | Abyss:2  | Noticed a smoke demon
   182 | Abyss:3  | Noticed a thrashing horror
   185 | Abyss:3  | Noticed a neqoxec
   188 | Abyss:3  | Noticed a thrashing horror
   190 | D:1      | Escaped the Abyss
   318 | D:1      | Reached * piety under Lugonu
   498 | D:1      | Reached skill level 5 in Fighting
  1429 | D:2      | Reached skill level 1 in Dodging
  2000 | D:2      | Reached ** piety under Lugonu
  2277 | D:3      | Reached XP level 6. HP: 56/56 MP: 8/8
  3712 | D:4      | Noticed Ivernyr's ghost (amateur DrWz)
  3921 | D:4      | Reached *** piety under Lugonu
  4516 | D:5      | Entered Level 5 of the Dungeon
  4765 | D:5      | Noticed a sky beast
  4776 | D:5      | Killed from afar by an orc priest

Skill      XL: |  1  2  3  4  5  6 |
---------------+-------------------+-----
Fighting       | 4 5 |  5.1
Axes           | 2 3 |  3.2
Armour         | 2 3 |  3.0
Dodging        | 1 |  1.2
Invocations    | 3 |  3.3
Shields        | |  0.1
Evocations     | |  0.3

Action                   |  1- 3 |  4- 6 || total
-------------------------+-------+-------++-------
Melee: Hand axe          |       |   349 ||   349
       Kick              |       |    72 ||    72
Invok: Depart the Abyss  |       |     1 ||     1
Evoke: Wand              |     2 |     1 ||     3
  Use: Scroll            |     1 |     6 ||     7
       Potion            |       |     3 ||     3
  Eat: Chunk             |       |     3 ||     3
       Ration            |       |     2 ||     2
Armor: Leather armour    |       |    60 ||    60
       Chain mail        |       |   177 ||   177
Dodge: Dodged            |       |   124 ||   124
Block: Buckler           |       |    20 ||    20
